 Dungeon Crawl Stone Soup version 0.28.0-53-g5a82cb258f (webtiles) character file.

Game seed: 6848933083132938250

23 Sin92 the Skirmisher (level 2, -2/24 HPs)
             Began as a Demonspawn Fighter on July 28, 2022.
             Slain by an orc priest
             ... wielding a +0 short sword
              (5 damage)
             ... on level 2 of the Dungeon.
             The game lasted 00:01:02 (1198 turns).

Sin92 the Skirmisher (Demonspawn Fighter)           Turns: 1198, Time: 00:01:03

Health: -2/24      AC:  9    Str: 22    XL:     2   Next: 72%
Magic:  2/2        EV:  9    Int:  9    God:
Gold:   24         SH:  4    Dex: 12    Spells: 1/1 levels left

rFire   . . .      SeeInvis .   a - +0 war axe
rCold   . . .      Faith    .   c - +0 buckler
rNeg    . . .      Spirit   .   b - +0 scale mail
rPois   .          Reflect  .   i - +1 hat
rElec   .          Harm     .   (no cloak)
rCorr   .          Rampage  .   (no gloves)
Will    .....                   (no boots)
Stlth   ..........              (no amulet)
HPRegen 0.08/turn               e - +6 ring of strength
MPRegen 0.08/turn               (no ring)

@: mighty
A: yellow scales 1
a: no special abilities


You were on level 2 of the Dungeon.
You visited 1 branch of the dungeon, and saw 2 of its levels.

You collected 24 gold pieces.

Inventory:

Hand Weapons
 a - a +0 war axe (weapon)
Armour
 b - a +0 scale mail (worn)
 c - a +0 buckler (worn)
 i - a +1 hat (worn)
Jewellery
 e - a +6 ring of strength (left hand)
Scrolls
 f - 5 scrolls of identify
Potions
 g - a potion of haste


   Skills:
 + Level 3.2 Fighting
 * Level 2.3 Axes
 + Level 2.9 Armour
 + Level 2.9 Shields


You had one spell level left.
You didn't know any spells.
Your spell library contained the following spells:

 Spells                   Type           Power      Damage    Failure   Level
 Sandblast                Erth           0%         2d4       80%         1
 Passwall                 Tmut/Erth      0%         N/A       91%         2
 Stone Arrow              Conj/Erth      0%         3d7       99%         3


Dungeon Overview and Level Annotations

Branches:
Dungeon (2/15)

Altars:


Innate Abilities, Weirdness & Mutations

You are partially covered in yellow scales. (AC +2)


Message History

Found a short sword.
An orc priest and 3 orcs come into view.
The orc shouts!
The orc priest shouts!
The orc shouts! x2
Found 18 stones.
The orc hits you with a +0 flail.
There are monsters nearby!
You closely miss the orc. The orc hits you with a +0 flail.
There are monsters nearby!
You barely miss the orc. The orc closely misses you.
There are monsters nearby!
You completely miss the orc. The orc closely misses you. x2
There are monsters nearby!
You completely miss the orc. The orc hits you with a +0 flail.
* * * LOW HITPOINT WARNING * * *
Unknown command.
You feel very mighty all of a sudden. The orc hits you with a +0 flail.
* * * LOW HITPOINT WARNING * * *
You feel better.
You slash the orc!
You kill the orc!
You slash the orc!
You kill the orc!
You closely miss the orc priest.
The orc priest hits you with a +0 short sword.
* * * LOW HITPOINT WARNING * * *
The orc hits you with a +0 short sword.
* * * LOW HITPOINT WARNING * * *
You closely miss the orc priest. You closely miss the orc.
The orc priest barely misses you. The orc barely misses you.
Unknown command.
You barely miss the orc priest. You hit the orc.
The orc priest looks satisfied for a moment.
The orc hits you but does no damage. The orc closely misses you.
You block the orc priest's attack.
You completely miss the orc priest. You slash the orc!
You kill the orc!
The orc priest casts a cantrip, but nothing happens.
You barely miss the orc priest.
The orc priest hits you with a +0 short sword.
You die...

#(### #.#.. ..#
#.#.#######.#
#o#.#<...##.#
#o#.####.##.#
#.#.# #.##.#
#o#.# #.##.#
###.#@####.##.#
#...)o...#.##.#
#.#.#.......#.#
#.#.#....^....#
. ..#.#.....###
##.###.####..#
.. ... ..).# ..
##.####..# ###
#.# #..#


You could see an orc priest.

Vanquished Creatures
  A dart slug (D:1)
  3 orcs (D:2)
  A ball python (D:1)
  A giant cockroach (D:1)
  4 goblins (D:1)
  2 hobgoblins (D:1)
  2 bats (D:1)
  2 rats (D:1)
16 creatures vanquished.

Notes
Turn   | Place    | Note
-------+----------+-------------------------------------------
     0 | D:1      | Sin92 the Demonspawn Fighter began the quest for the Orb.
     0 | D:1      | Reached XP level 1. HP: 18/18 MP: 1/1
   488 | D:1      | Gained mutation: You are partially covered in yellow
                  | scales. (AC +2) [demonic ancestry]
   488 | D:1      | Reached XP level 2. HP: 16/24 MP: 2/2
   592 | D:1      | Found a faded altar of an unknown god.
  1198 | D:2      | Slain by an orc priest

Illustrated notes

Levels and vault maps discovered:
D:1:      ebering_hopf_link, layout_basic, basic_ecumenical_altar
D:2:      layout_basic, serial_shops, nicolae_shop_crystal,
          uniq_crazy_yiuf_cottage, uniq_terence

Skill      XL: |  1 |
---------------+----+-----
Axes           | 2 |  2.3
Fighting       | |  3.2
Armour         | |  2.9
Shields        | |  2.9

Action                   || total
-------------------------++-------
Melee: War axe           ||    55
  Use: Scroll            ||     2
       Potion            ||     2
Armor: Scale mail        ||    22
Dodge: Dodged            ||    22
Block: Buckler           ||    18
